AoeStats
← FlinkerBär

Arabian Desert

509854500Analyzed
1v1 RM · 4d ago on Sep 28, 2026· 36m 43s· 2 players
Game mode
Random Map
Map size
Tiny (2 player)
Population
200
Speed
Normal
Resources
Standard
Victory
Conquest
Starting age
Dark Age
Ending age
Imperial Age
RankedLock teamsTeams togetherTeam positionsShared explorationLock speedFull tech treeHidden civsTurbo modeCheats
Victory
Defeat
🇦🇹 Wu · Austria
1137
+16
🇨🇳 Huns · China
1130
-37
SB
3:44 Loom
10:19 Feudal Age
10:54 Town Watch
10:57 Double-Bit Axe
11:28 Horse Collar
17:33 Wheelbarrow
18:35 Bloodlines
19:34 Scale Barding Armor
24:54 Castle Age
22:51 Stone Mining
23:43 Fletching
25:31 Forging
25:48 Bow Saw
27:08 Husbandry
27:11 Gold Mining
29:26 Husbandry
30:09 Hand Cart
FlinkerBär
6:30 Loom
8:59 Feudal Age
9:29 Man-at-Arms
13:43 Double-Bit Axe
17:43 Horse Collar
19:00 Wheelbarrow
21:54 Castle Age
21:02 Fletching
21:29 Scale Mail Armor
23:42 Squires
24:52 Bow Saw
25:33 Arson
27:30 Chain Mail Armor
27:39 Pikeman
28:54 Sanctity
28:50 Fervor
30:17 Padded Archer Armor
30:27 Forging
30:38 Forging
31:47 Town Watch
32:22 Heavy Plow
Connection lost

Rejoining the realm…

Still unreachable

The connection could not be restored.

Session expired

The server has moved on; the page needs a fresh start.